 Dungeon Crawl Stone Soup version 0.14.0-12-g87ee3b7 (console) character file.

104 Cab the Gusty (level 4, -3/33 HPs)
             Began as a Hill Orc Air Elementalist on Apr 15, 2014.
             Killed from afar by Sigmund (6 damage)
             ... with a magic dart
             ... on Level 2 of the Dungeon.
             The game lasted 00:13:35 (2137 turns).

Cab the Gusty (Hill Orc Air Elementalist)           Turns: 2137, Time: 00:13:36

HP  -3/33        AC  4     Str 11      XL: 4   Next: 69%
MP   0/7         EV 18     Int 15      God:
Gold 6           SH  0     Dex 16      Spells:  2 memorised,  4 levels left

rFire  . . .     SeeInvis .     d - +0,+2 whip
rCold  . . .     Clarity  .     l - +0 robe
rNeg   . . .     Conserve .     (no shield)
rPois  .         rCorr    .     (no helmet)
rElec  .         rRot     .     e - +0 cloak
SustAb . .       Spirit   .     f - +0 pair of gloves
rMut   .         Warding  .     (no boots)
Gourm  +         Stasis   .     p - amulet of the gourmand
MR     .....                    (no ring)
                                (no ring)

@: agile, flying, very slightly contaminated, hasted, very quick, not resistant
to hostile enchantments, quite stealthy
A: saprovore 1
a: no special abilities


You were on level 2 of the Dungeon.
You were not hungry.

You visited 1 branch of the dungeon, and saw 2 of its levels.

You collected 6 gold pieces.

Inventory:

Hand weapons
 d - a +0,+2 whip (weapon)
Armour
 e - a +0 cloak (worn)
 f - a +0 pair of gloves (worn)
 l - a +0 robe (worn)
Comestibles
 c - a bread ration
 n - an apple
Scrolls
 a - a scroll of enchant armour {unknown}
 g - a scroll of remove curse {unknown}
 k - a scroll of random uselessness {unknown}
 m - a scroll of identify {unknown}
 r - a scroll of recharging {unknown}
Jewellery
 p - an amulet of the gourmand (around neck)
Potions
 s - a potion of degeneration {unknown}
Books
 b - a book of Air

   Spells                             Type                      Level
   *Shock                             Conjuration/Air              1
   *Swiftness                         Charms/Air                   2
   Repel Missiles                     Charms/Air                   2
   Flight                             Charms/Air                   3
   Static Discharge                   Conjuration/Air              3
   Lightning Bolt                     Conjuration/Air              5


   Skills:
 + Level 0.9 Maces & Flails
 + Level 2.4 Dodging
 + Level 1.9 Stealth
 + Level 2.1 Spellcasting
 + Level 1.3 Conjurations
 + Level 3.1 Air Magic


You had 4 spell levels left.
You knew the following spells:

 Your Spells              Type           Power        Failure   Level  Hunger
a - Shock                 Conj/Air       #...         12%         1    #......
b - Swiftness             Chrm/Air       #.......     17%         2    ###....


Dungeon Overview and Level Annotations

Branches:
Dungeon (2/15)

Altars:

Annotations:
D:2 Sigmund


Innate Abilities, Weirdness & Mutations

You can tolerate rotten meat.


Message History

You feel yourself speed up.
It was a potion of haste.
Something hits you but does no damage.
You barely miss something. You completely miss something. Something hits you.
* * * LOW HITPOINT WARNING * * *
You barely miss something. You miss something.
You hear some strange, mumbled words.
The magic dart hits you!
* * * LOW HITPOINT WARNING * * *
Casting: Shock
Confirm with . or Enter, or press ? or * to list all spells.
Aiming: Shock
Press: ? - help, Shift-Dir - straight line That beam is likely to hit you.
Continue anyway?
You miscast Shock.
Nothing appears to happen.
You completely miss something.
You hear some strange, mumbled words.
The magic dart hits you!
You die... ▒K∙∙▒ ▒▒▒▒∙∙▒▒∙∙▒ ▒▒∙∙∙▒▒▒ ▒∙∙∙∙∙∙∙∙∙▒ ∙∙@∙∙∙>▒ ▒∙▒▒∙∙∙∙∙▒▒ ∙g∙∙∙∙▒ ▒ ▒▒∙▒▒∙∙∙ ∙∙∙∙∙∙

▒∙▒▒∙▒▒ ▒∙∙)▒
▒∙∙∙∙∙∙ ▒∙∙∙▒
▒▒▒▒∙▒▒
▒∙▒▒▒▒▒▒▒
▒∙▒▒▒▒▒▒∙▒▒
▒∙∙%@∙∙∙▒
▒∙∙∙∙∙∙∙∙▒▒
▒▒▒▒▒▒▒∙▒
▒▒▒▒▒▒▒▒▒▒▒
▒∙▒▒▒▒▒▒▒▒▒▒▒▒▒
▒∙∙∙∙∙∙∙∙∙∙∙∙∙∙
▒▒▒▒▒▒▒▒▒▒▒▒▒▒▒


There were no monsters in sight!

Vanquished Creatures
  4 adders (D:2)
  2 worms (D:2)
  4 giant geckos
  An ooze (D:1)
  A ball python (D:1)
  A bat (D:1)
  5 giant cockroaches
  10 hobgoblins
  A quokka (D:2)
  A giant newt (D:1)
  2 goblins
  6 kobolds
  6 rats
44 creatures vanquished.

Notes
Turn   | Place    | Note
--------------------------------------------------------------
     0 | D:1      | Cab, the Hill Orc Air Elementalist, began the quest for the Orb.
     0 | D:1      | Reached XP level 1. HP: 14/14 MP: 2/2
   113 | D:1      | Reached XP level 2. HP: 18/20 MP: 0/3
   117 | D:1      | Learned a level 2 spell: Swiftness
   804 | D:1      | Reached XP level 3. HP: 26/26 MP: 0/5
  1208 | D:2      | Reached skill level 3 in Air Magic
  1336 | D:2      | Reached XP level 4. HP: 8/33 MP: 0/7
  2111 | D:2      | Noticed Sigmund
  2137 | D:2      | Killed from afar by Sigmund

Action                   |  1- 3 |  4- 6 || total
-------------------------+-------+-------++-------
Melee: Whip              |    57 |    45 ||   102
 Cast: Shock             |    38 |    23 ||    61
  Use: Potion            |       |     5 ||     5
